[Event "Titled Tuesday Blitz October 18 Late 2022"]
[White "Aghasiyev, Kamal"]
[Black "Bok, Benjamin"]
[WhiteFideId "13402854"]
[BlackFideId "1017063"]
[WhiteElo "2341"]
[BlackElo "2658"]
[Result "0-1"]
[Round "02"]
[TimeControl "180+1"]
[Date "2022.10.18"]
[WhiteClock "0:00:05"]
[BlackClock "0:00:13"]

1. d4 Nf6 2. c4 e6 3. Nc3 Bb4 4. Qc2 b6 5. e4 c5 6. d5 Qe7 7. Be2 d6 8. Nf3 O-O 9. O-O Bxc3 10. bxc3 exd5 11. exd5 Bf5 12. Qxf5 Qxe2 13. Bf4 Qxc4 14. Bxd6 Re8 15. Rad1 Nbd7 16. Ne5 Qe4 17. Qxe4 Nxe4 18. Nxd7 Nxd6 19. Rfe1 Nc4 20. f4 f6 21. Re6 Kf7 22. Rc6 Rad8 23. Nxc5 bxc5 24. Rxc5 Rc8 25. Rb5 Nd6 26. Rb3 Re3 27. c4 Nxc4 28. Rc1 Rxb3 29. axb3 Nb6 30. Ra1 Rc7 31. Ra5 Rd7 32. Kf2 Nxd5 33. g3 Ke6 34. Kf3 Rb7 35. Ra6+ Kd7 36. Kg4 Nc7 37. Ra5 g6 38. h4 a6 39. h5 Rxb3 40. hxg6 hxg6 41. f5 Rb4+ 42. Kf3 g5 43. Ra1 Kd6 44. Rd1+ Nd5 45. Re1 a5 46. Re6+ Kc5 47. Ra6 a4 48. Ke2 Rb3 49. g4 a3 50. Kd2 Rg3 51. Kc2 Rxg4 52. Rxa3 Rg2+ 53. Kd1 Kd4 54. Ke1 Rb2 55. Ra4+ Ke5 56. Ra5 Ke4 57. Ra4+ Kxf5 0-1


[Site "https://www.chess.com"]

[Event "Titled Tuesday Blitz October 18 Late 2022"]
[White "Aguilar, Juan"]
[Black "Georgiadis, Ioannis"]
[WhiteFideId "3800091"]
[BlackFideId "4208900"]
[WhiteElo "2445"]
[BlackElo "2446"]
[Result "0-1"]
[Round "02"]
[TimeControl "180+1"]
[Date "2022.10.19"]
[WhiteClock "0:00:06"]
[BlackClock "0:00:08"]

1. d4 Nf6 2. c4 e6 3. Nf3 d5 4. g3 dxc4 5. Bg2 a6 6. O-O Nc6 7. e3 Rb8 8. Nfd2 e5 9. Nxc4 exd4 10. exd4 Nxd4 11. Re1+ Be6 12. Nc3 Be7 13. Ne5 O-O 14. Bf4 Nb5 15. Nxb5 axb5 16. Qe2 c6 17. Red1 Qa5 18. a3 Rbd8 19. h3 Rxd1+ 20. Rxd1 Rd8 21. Bxc6 Bxh3 22. Bxb7 Rxd1+ 23. Qxd1 Qc7 24. Bf3 Bd6 25. Nd3 Bf5 26. Bxd6 Qxd6 27. Nf4 Qc7 28. Qd4 h6 29. Nd5 Nxd5 30. Bxd5 Bg6 31. Kg2 Kh7 32. b3 Qd6 33. a4 bxa4 34. bxa4 Qa3 35. Be4 h5 36. Bxg6+ fxg6 37. Qc4 Qb2 38. Qb5 Qd4 39. Qc6 h4 40. gxh4 Qg4+ 41. Kf1 Qxh4 42. a5 Qh3+ 43. Ke2 Qg4+ 44. f3 Qg2+ 45. Ke3 Qg1+ 46. Ke2 Qg2+ 47. Ke3 Qg5+ 48. Ke2 Qxa5 49. Qe4 Qf5 50. Qh4+ Qh5 51. Qd8 g5 52. Ke3 Qg6 53. Qd4 Qf6 54. Qe4+ Kh6 55. Qg4 Kg6 56. Qf4 Qxf4+ 0-1


[Site "https://www.chess.com"]

[Event "Titled Tuesday Blitz October 18 Late 2022"]
[White "Al Hosani, Omran"]
[Black "Abdrlauf, Elham"]
[WhiteFideId "9308733"]
[BlackFideId "1533533"]
[WhiteElo "2167"]
[BlackElo "2434"]
[Result "0-1"]
[Round "02"]
[TimeControl "180+1"]
[Date "2022.10.18"]
[WhiteClock "0:00:05"]
[BlackClock "0:00:04"]

1. e4 c6 2. d4 d5 3. e5 c5 4. Bd3 cxd4 5. Nf3 Nc6 6. O-O Bg4 7. h3 Bxf3 8. Qxf3 Nxe5 9. Bb5+ Nc6 10. Bg5 f6 11. c4 dxc3 12. Nxc3 fxg5 13. Nxd5 a6 14. Bc4 Ne5 15. Qg3 Nxc4 16. Nc7+ Kf7 17. Nxa8 Qxa8 18. f4 g4 19. hxg4 Nf6 20. Rac1 b5 21. f5 Qe4 22. g5 Qe3+ 23. Qxe3 Nxe3 24. Rfe1 Nxf5 25. gxf6 exf6 26. Rc8 Bb4 27. Rxh8 Bxe1 28. Rxh7 Bb4 29. Rh8 Bf8 30. Rh3 b4 31. Rd3 Nd4 32. Kf1 Bc5 33. Rd1 Ke6 34. Rd3 a5 35. g4 Kd5 36. Re3 Ne6 37. Rd3+ Bd4 38. b3 Nc5 39. Rh3 a4 40. bxa4 Nxa4 41. a3 bxa3 42. Rxa3 Nc5 43. Ra7 Ne6 44. Rd7+ Ke5 45. Kg2 Be3 46. Re7 Bh6 47. Kf3 Kd6 48. Ra7 Ng5+ 49. Kf4 Ke6 50. Ra6+ Kf7 51. Ra7+ Kg6 52. Rb7 Nf7+ 53. Kg3 Ne5 54. Rb4 Bd2 55. Rd4 Be1+ 56. Kg2 Kg5 57. Re4 Bd2 58. Kh3 Bf4 59. Re2 Nxg4 60. Re7 g6 61. Rg7 f5 62. Rg8 Be5 63. Re8 Bf6 64. Re2 Ne5 65. Rg2+ Kf4 66. Rf2+ Ke3 67. Rg2 f4 68. Kh2 f3 69. Ra2 Nd3 70. Kg3 Be5+ 71. Kh3 f2 72. Kg2 g5 73. Kf1 g4 74. Re2+ Kf3 75. Rxe5 g3 76. Rf5+ Nf4 77. Rg5 Nd5 78. Re5 Ne3+ 79. Rxe3+ Kxe3 80. Kg2 Ke2 81. Kxg3 f1=Q 0-1


[Site "https://www.chess.com"]

[Event "Titled Tuesday Blitz October 18 Late 2022"]
[White "Alfaro, William"]
[Black "Remolar Gallen, Jose"]
[WhiteFideId "6100457"]
[BlackFideId "2215187"]
[WhiteElo "2096"]
[BlackElo "2214"]
[Result "1-0"]
[Round "02"]
[TimeControl "180+1"]
[Date "2022.10.19"]
[WhiteClock "0:01:18"]
[BlackClock "0:00:41"]

1. Nf3 Nf6 2. g3 g6 3. Bg2 Bg7 4. O-O O-O 5. d3 d6 6. e4 c5 7. Nbd2 Nc6 8. Re1 Rb8 9. Nf1 b5 10. h4 b4 11. N1h2 a5 12. e5 Ng4 13. exd6 exd6 14. Bg5 Qc7 15. Rb1 Nxh2 16. Nxh2 Be6 17. Ng4 Bxa2 18. Ra1 Be6 19. Nf6+ Kh8 20. Nd5 Bxd5 21. Bxd5 Rbe8 22. Rxe8 Rxe8 23. Bxc6 Qxc6 24. Rxa5 Bxb2 25. Ra7 Qd5 26. Kh2 Qf5 27. Kg1 Bd4 28. Bf4 Bc3 29. Kg2 d5 30. Qf3 c4 31. dxc4 dxc4 32. Rc7 Qe6 33. Bg5 Qe4 34. Rxf7 b3 35. cxb3 cxb3 36. Rf8+ Kg7 37. Rxe8 Qxe8 38. Qxc3+ Kg8 39. Qxb3+ Kg7 40. Qc3+ Kg8 41. Qc4+ Kg7 42. Qd4+ Kg8 43. Qd5+ Kg7 44. Qb7+ Kg8 45. Bh6 Qe4+ 46. Qxe4 1-0


[Site "https://www.chess.com"]

[Event "Titled Tuesday Blitz October 18 Late 2022"]
[White "Amburgy, Ryan"]
[Black "Fernandez Siles, Luis"]
[WhiteFideId "30924820"]
[BlackFideId "2209420"]
[WhiteElo "2121"]
[BlackElo "2186"]
[Result "1-0"]
[Round "02"]
[TimeControl "180+1"]
[Date "2022.10.19"]
[WhiteClock "0:01:31"]
[BlackClock "0:00:18"]

1. Nf3 Nf6 2. c4 g6 3. Nc3 Bg7 4. e4 d6 5. d4 O-O 6. Be2 c5 7. d5 e6 8. h3 exd5 9. exd5 Bf5 10. O-O Ne4 11. Nxe4 Bxe4 12. Qb3 b6 13. Bg5 Bf6 14. Bf4 Re8 15. Rfe1 Bg7 16. Ng5 Bf5 17. Bf3 h6 18. Ne4 Bxe4 19. Rxe4 Rxe4 20. Bxe4 f5 21. Bd3 Qf6 22. Re1 Nd7 23. Re6 Qxb2 24. Qxb2 Bxb2 25. Bxd6 Kg7 26. Re7+ Kf6 27. Rxd7 Re8 28. Kf1 Bc3 29. Be2 g5 30. g3 Re4 31. Rxa7 f4 32. gxf4 gxf4 33. Bd3 Re1+ 34. Kg2 Rd1 35. Be4 Rd4 36. Kf3 Rxc4 37. Bxf4 b5 38. Bxh6 Bd4 39. Bg7+ Kg5 40. Bxd4 cxd4 41. d6 Rc3+ 42. Ke2 1-0


[Site "https://www.chess.com"]

[Event "Titled Tuesday Blitz October 18 Late 2022"]
[White "Andreikin, Dmitry"]
[Black "Czernek, Tymon"]
[WhiteFideId "4158814"]
[BlackFideId "1199510"]
[WhiteElo "2736"]
[BlackElo "2240"]
[Result "1-0"]
[Round "02"]
[TimeControl "180+1"]
[Date "2022.10.18"]
[WhiteClock "0:00:22"]
[BlackClock "0:00:02"]

1. Nf3 Nf6 2. g3 g6 3. Bg2 Bg7 4. O-O O-O 5. d4 d6 6. b3 c6 7. Bb2 Qc7 8. c4 Nbd7 9. Nc3 b6 10. d5 Bb7 11. Nd4 cxd5 12. Nxd5 Nxd5 13. cxd5 Nf6 14. Rc1 Qd7 15. Nc6 Rfc8 16. Rc2 e6 17. Qa1 e5 18. Rfc1 Ne8 19. e4 Rc7 20. b4 Ba6 21. a4 b5 22. Bf1 Rb7 23. Qa2 Rb6 24. a5 Rb7 25. Qb3 Rc7 26. Qe3 f5 27. Bh3 Bc8 28. exf5 gxf5 29. Qg5 Qf7 30. Nd8 Qf6 31. Qxf6 Bxf6 32. Rxc7 Nxc7 33. Rxc7 Bxd8 34. Rc6 Be7 35. f4 e4 36. a6 Rb8 37. Bd4 Ra8 38. Bf1 Bf8 39. Rc7 Bxa6 40. Be2 Rc8 41. Rxa7 Rc2 42. Bh5 Rc1+ 43. Kg2 Rc2+ 44. Kh3 Bc8 45. Bf7# 1-0


[Site "https://www.chess.com"]

[Event "Titled Tuesday Blitz October 18 Late 2022"]
[White "Ankerst, Mihael"]
[Black "Matinian, Nikita"]
[WhiteFideId "14602369"]
[BlackFideId "24129100"]
[WhiteElo "2296"]
[BlackElo "2422"]
[Result "0-1"]
[Round "02"]
[TimeControl "180+1"]
[Date "2022.10.19"]
[WhiteClock "0:00:02"]
[BlackClock "0:02:19"]

1. e4 c5 2. Nf3 Nc6 3. d4 cxd4 4. Nxd4 Nf6 5. Nc3 e6 6. Nxc6 bxc6 7. e5 Nd5 8. Nxd5 cxd5 9. Bd3 Qc7 10. Bf4 d6 11. Qe2 Rb8 12. O-O dxe5 13. Bxe5 Bd6 14. Bxg7 Rg8 15. Bf6 Bxh2+ 16. Kh1 Qf4 17. Qh5 Qxf6 18. Qxh2 Rxb2 19. Qc7 Bd7 20. Rab1 Rg5 21. c3 Rh5+ 22. Kg1 Qh6 0-1


[Site "https://www.chess.com"]

[Event "Titled Tuesday Blitz October 18 Late 2022"]
[White "Ansh M Shah"]
[Black "Hemam, Moulaye Brahim"]
[WhiteFideId "25033379"]
[BlackFideId "19600054"]
[WhiteElo "2084"]
[BlackElo "2088"]
[Result "1-0"]
[Round "02"]
[TimeControl "180+1"]
[Date "2022.10.19"]
[WhiteClock "0:00:19"]
[BlackClock "0:00:03"]

1. d4 Nf6 2. c4 g6 3. h4 c5 4. d5 e6 5. Nc3 exd5 6. cxd5 h6 7. e4 d6 8. Be2 Bg7 9. h5 g5 10. f4 gxf4 11. Bxf4 Qe7 12. Qc2 Nbd7 13. Nf3 a6 14. a4 Ng4 15. Nh4 Nde5 16. g3 Bf6 17. O-O-O Bg5 18. Rdf1 Ne3 19. Bxe3 Bxe3+ 20. Kb1 1-0


[Site "https://www.chess.com"]

[Event "Titled Tuesday Blitz October 18 Late 2022"]
[White "Antonova, Nadezhda"]
[Black "Martin Carmona, Gaston Manuel"]
[WhiteFideId "14700182"]
[BlackFideId "22284567"]
[WhiteElo "1788"]
[BlackElo "2235"]
[Result "0-1"]
[Round "02"]
[TimeControl "180+1"]
[Date "2022.10.19"]
[WhiteClock "0:00:00"]
[BlackClock "0:00:29"]

1. Nf3 Nf6 2. b3 g6 3. Bb2 Bg7 4. d4 O-O 5. g3 b6 6. Bg2 Bb7 7. O-O c5 8. dxc5 bxc5 9. c4 d6 10. Nbd2 Nbd7 11. Qc2 a5 12. Rfe1 Bc6 13. Nh4 Qc8 14. e4 Qb7 15. f3 a4 16. bxa4 Bxa4 17. Qc1 Rfb8 18. Bc3 Bc6 19. Nb3 Qa6 20. Nd2 Nb6 21. Bf1 Na4 22. Rb1 Rxb1 23. Nxb1 Nxc3 24. Nxc3 e6 25. Ng2 Nd7 26. Rd1 Bd4+ 27. Kh1 Ne5 28. Be2 Nxc4 29. Nb1 d5 30. Nd2 Qxa2 31. Nxc4 dxc4 32. Bxc4 Qa3 33. Be2 Qxc1 34. Rxc1 Ra2 35. Bd1 Rf2 36. Nf4 Rf1+ 37. Kg2 Rg1+ 38. Kh3 Ba4 39. Bxa4 Rxc1 40. Nd3 Ra1 41. Bb5 Ra2 42. Ne1 Bg1 43. Ng2 Kf8 44. Bc4 Rc2 45. Bd3 Rd2 46. Bf1 Ke7 47. f4 Kd6 48. e5+ Kd5 49. Nh4 Rxh2+ 50. Kg4 Rf2 51. Bg2+ Rxg2 52. Nxg2 h6 53. Kf3 Kd4 0-1


[Site "https://www.chess.com"]

[Event "Titled Tuesday Blitz October 18 Late 2022"]
[White "Araujo, Everson De Moura"]
[Black "Gatineau, Yovann"]
[WhiteFideId "22737197"]
[BlackFideId "26028999"]
[WhiteElo "1995"]
[BlackElo "2275"]
[Result "1-0"]
[Round "02"]
[TimeControl "180+1"]
[Date "2022.10.19"]
[WhiteClock "0:00:51"]
[BlackClock "0:00:02"]

1. Nf3 b6 2. g3 Bb7 3. Bg2 g6 4. O-O Bg7 5. c4 c5 6. Nc3 Nc6 7. b3 e5 8. Bb2 Nge7 9. d3 O-O 10. Ne1 d6 11. Nc2 Qd7 12. Ne3 Nd4 13. Ned5 h5 14. e3 Ne6 15. h4 Nxd5 16. Nxd5 Kh8 17. Qd2 Rab8 18. f4 Nc7 19. f5 Nxd5 20. cxd5 Qe7 21. Be4 Bc8 22. fxg6 f5 23. Bf3 f4 24. exf4 exf4 25. Bxg7+ Qxg7 26. Bxh5 fxg3 27. Rxf8+ Qxf8 28. Rf1 Qg7 29. Rf7 Qd4+ 30. Kg2 Qxd5+ 31. Bf3 Bh3+ 32. Kxg3 Qe5+ 33. Kxh3 Qe6+ 34. Bg4 Qxg6 35. Rf5 Qxg4+ 36. Kxg4 Rg8+ 37. Kh3 Rg3+ 38. Kxg3 Kh7 39. Qg5 Kh8 40. Rf7 c4 1-0


[Site "https://www.chess.com"]

[Event "Titled Tuesday Blitz October 18 Late 2022"]
[White "Ardila, Oscar Humberto"]
[Black "Hansen, Eric"]
[WhiteFideId "4404742"]
[BlackFideId "2606771"]
[WhiteElo "1898"]
[BlackElo "2568"]
[Result "0-1"]
[Round "02"]
[TimeControl "180+1"]
[Date "2022.10.19"]
[WhiteClock "0:00:06"]
[BlackClock "0:00:08"]

1. d4 Nf6 2. c4 e6 3. Nc3 Bb4 4. Bd2 O-O 5. Nf3 b6 6. e3 Bb7 7. Be2 d6 8. O-O Nbd7 9. Rc1 a5 10. Qc2 h6 11. Rfd1 Bxc3 12. Bxc3 Ne4 13. Be1 f5 14. Nd2 Qe8 15. f3 Ng5 16. Bg3 e5 17. Bd3 e4 18. fxe4 Nxe4 19. Nxe4 Bxe4 20. Bxe4 Qxe4 21. Qxe4 fxe4 22. Rf1 a4 23. Rf4 Rxf4 24. Bxf4 Kf7 25. Rf1 Ke6 26. Bg3 Nf6 27. h3 Ra5 28. Be1 Ra8 29. Bc3 d5 30. c5 bxc5 31. dxc5 Rb8 32. g4 Rb5 33. Bd4 Rb4 34. Rf5 c6 35. Kg2 Rc4 36. Kg3 Rc1 37. Re5+ Kf7 38. Rf5 Rg1+ 39. Kh2 Ra1 40. a3 Rc1 41. Rf2 Ke6 42. Kg3 Rd1 43. Rg2 Rf1 44. Rf2 Rd1 45. Rg2 Rc1 46. h4 g5 47. hxg5 hxg5 48. Kh2 Nd7 49. Rf2 Nxc5 50. Rf6+ Kd7 51. Rf7+ Ke8 52. Rg7 Ne6 53. Rg6 Kf7 54. Rf6+ Ke7 55. Rf5 Nxd4 56. exd4 Rc2+ 57. Kg3 Rxb2 58. Rxg5 Rd2 59. Re5+ Kd6 60. g5 Rxd4 61. Rf5 Rd1 62. Kf2 Ke6 63. Rf6+ Ke5 64. Rf8 Rd2+ 65. Kf1 e3 66. g6 Rd1+ 67. Kg2 e2 68. Re8+ Kf6 69. Rxe2 Kxg6 70. Re6+ Kf5 71. Rxc6 Rd3 72. Rc5 Ke4 73. Ra5 Rxa3 74. Kf2 d4 75. Ke2 Ra2+ 76. Kd1 Kd3 77. Kc1 a3 78. Rh5 Ra1# 0-1


[Site "https://www.chess.com"]

[Event "Titled Tuesday Blitz October 18 Late 2022"]
[White "Baches Garcia, Guillermo"]
[Black "Curtis, John"]
[WhiteFideId "2209764"]
[BlackFideId "3200256"]
[WhiteElo "2430"]
[BlackElo "2203"]
[Result "1-0"]
[Round "02"]
[TimeControl "180+1"]
[Date "2022.10.19"]
[WhiteClock "0:00:59"]
[BlackClock "0:00:53"]

1. e4 e5 2. Nf3 Nc6 3. Nc3 Nf6 4. d4 exd4 5. Nxd4 Bb4 6. Nxc6 bxc6 7. Bd3 d5 8. Bd2 O-O 9. O-O Re8 10. Nxd5 Nxd5 11. exd5 Bxd2 12. Qxd2 cxd5 13. b4 a6 14. Rfe1 Rxe1+ 15. Rxe1 Be6 16. Qf4 Rb8 17. Bxa6 Ra8 18. b5 c6 19. a4 c5 20. h3 h6 21. Rb1 d4 22. b6 c4 23. b7 Rb8 24. a5 g5 25. Qe5 d3 26. cxd3 cxd3 27. Bxd3 Ba2 28. Rd1 Qf8 29. a6 Re8 30. Qf5 Qb4 31. Qh7+ Kf8 32. Qxh6+ Ke7 33. Qxg5+ Kd7 34. Bb5+ 1-0


[Site "https://www.chess.com"]

[Event "Titled Tuesday Blitz October 18 Late 2022"]
[White "Ballester Llagaria, Luis Eduardo"]
[Black "Pultinevicius, Paulius"]
[WhiteFideId "2297620"]
[BlackFideId "12809390"]
[WhiteElo "2344"]
[BlackElo "2500"]
[Result "0-1"]
[Round "02"]
[TimeControl "180+1"]
[Date "2022.10.18"]
[WhiteClock "0:00:09"]
[BlackClock "0:00:13"]

1. e4 c5 2. Nc3 e6 3. Nf3 a6 4. d4 cxd4 5. Nxd4 b5 6. Bd3 Bb7 7. O-O Ne7 8. Re1 Ng6 9. a4 bxa4 10. Rxa4 Nc6 11. Nxc6 Bxc6 12. Rxa6 Rxa6 13. Bxa6 Bc5 14. Be3 Bxe3 15. Rxe3 Qb6 16. Bf1 Qxb2 17. Nd5 O-O 18. Rb3 Qe5 19. Nc3 f5 20. exf5 Qxf5 21. f3 Nh4 22. Ne2 Bxf3 23. gxf3 Nxf3+ 24. Rxf3 Qxf3 25. Qe1 Qe3+ 26. Kh1 Rf2 27. c3 h5 28. c4 h4 29. h3 d6 30. Qa1 Rxe2 31. Bxe2 Qxe2 32. Qd4 Qf3+ 33. Kg1 Qg3+ 34. Kf1 Qxh3+ 35. Ke2 Qh2+ 36. Ke1 Qe5+ 37. Qxe5 dxe5 38. Ke2 Kf7 39. Kf3 Ke7 40. Ke4 h3 0-1


[Site "https://www.chess.com"]

[Event "Titled Tuesday Blitz October 18 Late 2022"]
[White "Banzea, Alexandru-Bogdan"]
[Black "Almedina Ortiz, Edgardo J."]
[WhiteFideId "1232622"]
[BlackFideId "3100197"]
[WhiteElo "2294"]
[BlackElo "2217"]
[Result "1-0"]
[Round "02"]
[TimeControl "180+1"]
[Date "2022.10.19"]
[WhiteClock "0:00:06"]
[BlackClock "0:00:07"]

1. d4 Nf6 2. Bf4 e6 3. e3 d5 4. Nf3 Bd6 5. Nbd2 O-O 6. c3 c5 7. Bd3 Nc6 8. Bg3 b6 9. Qe2 Bb7 10. Rd1 Re8 11. e4 Be7 12. e5 Nh5 13. h4 Nxg3 14. fxg3 g6 15. h5 cxd4 16. hxg6 hxg6 17. cxd4 Bg5 18. a3 Kg7 19. Nxg5 Qxg5 20. Qf2 Rh8 21. Rf1 Raf8 22. Nf3 Qe7 23. g4 Rc8 24. g5 Rc7 25. Qe3 Na5 26. Qf4 Nc4 27. Bxc4 Rxc4 28. Qf6+ Qxf6 29. exf6+ Kf8 30. Ne5 Rc2 31. Rf2 Rh1+ 32. Rf1 Rh2 33. Rd2 Rxd2 34. Kxd2 Rxg2+ 35. Kd3 Rxb2 36. Rc1 Ba6+ 37. Ke3 Bc4 38. Nxc4 dxc4 39. Rxc4 Ke8 40. Rc8+ Kd7 41. Rf8 Rb3+ 42. Ke4 Rxa3 43. Rxf7+ Kd6 44. Rg7 Rg3 45. Rxg6 a5 46. f7 Ke7 47. Rf6 Kf8 48. g6 Rxg6 49. Rxg6 Kxf7 50. Rg2 1-0


[Site "https://www.chess.com"]

[Event "Titled Tuesday Blitz October 18 Late 2022"]
[White "Barria Zuniga, Daniel"]
[Black "Paravyan, David"]
[WhiteFideId "3400816"]
[BlackFideId "4194985"]
[WhiteElo "2414"]
[BlackElo "2555"]
[Result "0-1"]
[Round "02"]
[TimeControl "180+1"]
[Date "2022.10.18"]
[WhiteClock "0:02:25"]
[BlackClock "0:02:49"]

1. d4 Nf6 2. c4 g6 3. Nc3 d5 4. Qa4+ Bd7 5. Qb3 dxc4 6. Qxc4 c5 7. Qxc5 Nc6 8. Nf3 e5 9. Qb5 exd4 10. Bg5 dxc3 11. O-O-O cxb2+ 12. Kxb2 Bg7 0-1


[Site "https://www.chess.com"]

[Event "Titled Tuesday Blitz October 18 Late 2022"]
[White "Bayo Milagro, Alvaro"]
[Black "Zierk, Steven"]
[WhiteFideId "22275240"]
[BlackFideId "2034255"]
[WhiteElo "2270"]
[BlackElo "2494"]
[Result "1/2-1/2"]
[Round "02"]
[TimeControl "180+1"]
[Date "2022.10.18"]
[WhiteClock "0:00:06"]
[BlackClock "0:00:10"]

1. e4 c6 2. d4 d5 3. Nc3 dxe4 4. Nxe4 Bf5 5. Ng3 Bg6 6. h4 h6 7. Nf3 Nd7 8. h5 Bh7 9. Bd3 Bxd3 10. Qxd3 Ngf6 11. Bd2 e6 12. O-O-O Qc7 13. Kb1 O-O-O 14. c4 Kb8 15. Bc3 Bd6 16. Ne4 Nxe4 17. Qxe4 Nf6 18. Qe2 Ka8 19. Ne5 c5 20. dxc5 Bxc5 21. f4 a6 22. g4 Rxd1+ 23. Rxd1 Qe7 24. Qf3 Bb6 25. g5 Rd8 26. gxf6 gxf6 27. Rxd8+ Qxd8 28. Nd3 f5 29. c5 Bc7 30. c6 b6 31. Be5 Kb8 32. a3 f6 33. Bxc7+ Kxc7 34. Nb4 Qc8 35. Qg2 a5 36. Qg7+ Kd6 37. Qb7 Qc7 38. Nc2 Qxc6 39. Qf7 Qh1+ 40. Ka2 Qd5+ 41. b3 Qd2 42. Kb2 Qxf4 43. Qxf6 Qe5+ 44. Qxe5+ Kxe5 45. Kc3 Ke4 46. b4 f4 47. bxa5 bxa5 48. Kd2 e5 49. a4 Kd5 50. Ne1 e4 51. Kc3 Ke5 52. Nc2 Kf5 53. Kd4 e3 54. Kd3 Kg4 55. Ke2 Kxh5 56. Kf3 Kg5 57. Nd4 h5 58. Ne6+ Kf5 59. Nxf4 h4 60. Kxe3 Ke5 61. Ng6+ Kd5 62. Kd3 Kc5 63. Kc3 h3 64. Ne5 h2 65. Nd3+ Kd5 66. Nf2 Kc5 67. Kd3 Kb4 68. Kd4 Kxa4 69. Kc4 Ka3 70. Kc3 a4 71. Nh1 Ka2 72. Kc2 Ka3 73. Kc3 Ka2 74. Kc2 a3 75. Ng3 Ka1 76. Kc1 Ka2 77. Kc2 Ka1 78. Kc1 Ka2 79. Kc2 1/2-1/2


[Site "https://www.chess.com"]

[Event "Titled Tuesday Blitz October 18 Late 2022"]
[White "Bazeev, German"]
[Black "Tarasova, Viktoriya"]
[WhiteFideId "24119350"]
[BlackFideId "4175840"]
[WhiteElo "2493"]
[BlackElo "2182"]
[Result "1-0"]
[Round "02"]
[TimeControl "180+1"]
[Date "2022.10.19"]
[WhiteClock "0:00:24"]
[BlackClock "0:00:06"]

1. d4 Nf6 2. Nf3 e6 3. c4 b6 4. Bf4 Bb7 5. e3 Bb4+ 6. Nfd2 Ne4 7. a3 Bxd2+ 8. Nxd2 Nxd2 9. Qxd2 O-O 10. Bd3 d6 11. O-O-O Nd7 12. Bg3 Qe7 13. Kb1 e5 14. Bc2 e4 15. h4 c6 16. h5 d5 17. cxd5 cxd5 18. h6 g6 19. Ba4 Nf6 20. f3 Ba6 21. Be5 Bd3+ 22. Ka1 b5 23. Bc2 Bxc2 24. Qxc2 Rfe8 25. Qb3 exf3 26. gxf3 Nd7 27. f4 Nb6 28. f5 Nc4 29. fxg6 fxg6 30. Qxb5 Qe6 31. e4 dxe4 32. d5 Qxe5 33. Qxc4 Rac8 34. Qa2 Kh8 35. d6 Rcd8 36. d7 Re7 37. Rhf1 e3 38. Rf8+ Rxf8 39. d8=Q Rxd8 40. Rxd8+ Re8 41. Rxe8+ Qxe8 42. Qd5 e2 43. Qd4+ Kg8 44. Qg7# 1-0


[Site "https://www.chess.com"]

[Event "Titled Tuesday Blitz October 18 Late 2022"]
[White "Becerra, Juan David"]
[Black "Torres Boch, Jose Francisco"]
[WhiteFideId "4404998"]
[BlackFideId "2278383"]
[WhiteElo "2278"]
[BlackElo "2073"]
[Result "1-0"]
[Round "02"]
[TimeControl "180+1"]
[Date "2022.10.19"]
[WhiteClock "0:02:16"]
[BlackClock "0:01:39"]

1. d4 Nf6 2. c4 e6 3. Nc3 Bb4 4. a3 Bxc3+ 5. bxc3 b6 6. f3 Bb7 7. e4 d6 8. Bd3 Nbd7 9. Ne2 Qe7 10. O-O O-O-O 11. a4 a5 12. Ba3 e5 13. Nc1 g5 14. Nb3 Rdg8 15. c5 dxc5 16. dxc5 Nxc5 17. Bxc5 bxc5 18. Nxa5 Ba8 19. Ba6+ Kb8 20. Rb1+ Ka7 21. Bb7 Qd6 22. Nc6+ Qxc6 23. Bxc6 Bxc6 24. Qd2 Rb8 25. c4 Rb6 26. Qa5+ Kb7 27. Qxc5 Nd7 28. Rxb6+ cxb6 29. Qe7 g4 30. Rd1 Kc7 31. c5 bxc5 32. Rxd7+ Bxd7 33. Qxe5+ 1-0


[Site "https://www.chess.com"]

[Event "Titled Tuesday Blitz October 18 Late 2022"]
[White "Bellissimo, Joseph F."]
[Black "Baskakov, Egor"]
[WhiteFideId "2609843"]
[BlackFideId "24197866"]
[WhiteElo "2513"]
[BlackElo "2754"]
[Result "0-1"]
[Round "02"]
[TimeControl "180+1"]
[Date "2022.10.19"]
[WhiteClock "0:00:07"]
[BlackClock "0:02:16"]

1. e4 c5 2. Nf3 Nf6 3. e5 Nd5 4. c3 Nc6 5. d4 cxd4 6. cxd4 g6 7. Bc4 Nb6 8. Bd3 Bg7 9. Nc3 O-O 10. h4 d6 11. exd6 Bg4 12. h5 Nxd4 13. hxg6 hxg6 14. dxe7 Re8 15. Be3 Rxe7 16. Kf1 Rd7 17. Qb1 Nxf3 18. Bxg6 Nd2+ 19. Bxd2 Rxd2 20. Bh7+ Kf8 21. Qe4 Qd4 22. Qxd4 Bxd4 0-1


[Site "https://www.chess.com"]

[Event "Titled Tuesday Blitz October 18 Late 2022"]
[White "Bernat, David"]
[Black "Turutin, Alexander"]
[WhiteFideId "2099225"]
[BlackFideId "4180623"]
[WhiteElo "2279"]
[BlackElo "2402"]
[Result "1-0"]
[Round "02"]
[TimeControl "180+1"]
[Date "2022.10.19"]
[WhiteClock "0:00:45"]
[BlackClock "0:00:32"]

1. c4 Nf6 2. Nc3 g6 3. e4 d6 4. g3 Bg7 5. Bg2 O-O 6. Nge2 c5 7. O-O Nc6 8. d3 a6 9. h3 Rb8 10. a4 Ne8 11. Be3 Nc7 12. d4 cxd4 13. Nxd4 Nxd4 14. Bxd4 Bxd4 15. Qxd4 Ne6 16. Qe3 a5 17. Rad1 f6 18. f4 Qc7 19. Nd5 Qxc4 20. Nxe7+ Kf7 21. Nxc8 Rbxc8 22. Rxd6 Rfd8 23. Rb6 Rc7 24. f5 gxf5 25. exf5 Nc5 26. Qh6 Qd4+ 27. Kh2 Rg8 28. Qxh7+ Rg7 29. Qh5+ Kf8 30. Qh8+ Rg8 31. Rxf6+ Ke7 32. Rf7+ 1-0


[Site "https://www.chess.com"]

[Event "Titled Tuesday Blitz October 18 Late 2022"]
[White "Besedes, Danilo"]
[Black "Kowalysko, Roman"]
[WhiteFideId "946796"]
[BlackFideId "30918510"]
[WhiteElo "2352"]
[BlackElo "2120"]
[Result "1-0"]
[Round "02"]
[TimeControl "180+1"]
[Date "2022.10.19"]
[WhiteClock "0:00:47"]
[BlackClock "0:00:02"]

1. Nf3 Nf6 2. d4 d5 3. Bf4 Nc6 4. e3 Bf5 5. a3 e6 6. c4 dxc4 7. Bxc4 Bd6 8. Bg5 Be7 9. Nc3 Ne4 10. Bxe7 Qxe7 11. Rc1 Nxc3 12. Rxc3 O-O 13. O-O Rad8 14. Bb5 Bg4 15. Bxc6 bxc6 16. Rxc6 e5 17. h3 Bxf3 18. Qxf3 exd4 19. exd4 Rxd4 20. Rfc1 Rfd8 21. Rxc7 Rd1+ 22. Rxd1 Rxd1+ 23. Qxd1 Qxc7 24. Qd4 h6 25. g3 Qa5 26. Kg2 a6 27. h4 g6 28. a4 h5 29. b3 Qc7 30. Qd5 Qb6 31. a5 Qf6 32. b4 Qc3 33. Qb7 Qc4 34. b5 g5 35. bxa6 gxh4 36. a7 h3+ 37. Kh2 Qc5 38. a8=Q+ Kg7 39. Qf3 Qg5 40. Kxh3 h4 41. Qg4 f6 42. Qxg5+ fxg5 43. Qe4 g4+ 44. Kxg4 h3 45. Kxh3 Kf6 46. Kg4 Kf7 47. Qc6 Ke7 48. Kf5 Kd8 49. Qb7 Ke8 50. a6 Kf8 51. a7 Kg8 52. a8=Q# 1-0


[Site "https://www.chess.com"]

[Event "Titled Tuesday Blitz October 18 Late 2022"]
[White "Bilan, Danila"]
[Black "Rodriguez Santiago, Jaime"]
[WhiteFideId "24161918"]
[BlackFideId "3100898"]
[WhiteElo "2203"]
[BlackElo "2025"]
[Result "0-1"]
[Round "02"]
[TimeControl "180+1"]
[Date "2022.10.19"]
[WhiteClock "0:00:08"]
[BlackClock "0:00:28"]

1. d4 d5 2. Nf3 Nf6 3. c4 e6 4. Nc3 c5 5. cxd5 Nxd5 6. e4 Nxc3 7. bxc3 cxd4 8. cxd4 Bb4+ 9. Bd2 Bxd2+ 10. Qxd2 O-O 11. Bc4 b6 12. O-O Bb7 13. Rfe1 Nd7 14. Rad1 Rc8 15. Bb3 b5 16. d5 exd5 17. Bxd5 Bxd5 18. Qxd5 Nc5 19. Qh5 Qf6 20. Rd5 g6 21. Qh6 a6 22. h4 Qg7 23. Qe3 Ne6 24. h5 Rc3 25. Qd2 Rfc8 26. Rd1 h6 27. hxg6 Qxg6 28. Ne5 Qxe4 29. Qxh6 Qh7 30. Qxh7+ Kxh7 31. Nxf7 Nf4 32. Rd7 Kg6 33. Ne5+ Kf5 34. Nf3 Rg8 35. g3 Rxf3 36. Rf7+ Ke4 37. Re7+ Kf5 38. Rf7+ Ke5 39. Re7+ Kf6 40. Ra7 Ra3 41. Rd6+ Ne6 42. Rdxa6 Rxa6 43. Rxa6 Rg5 44. a4 bxa4 45. Rxa4 Kf5 46. Kg2 Rg7 47. Ra5+ Kf6 48. Ra4 Rb7 49. f4 Rb2+ 50. Kf3 Nc5 51. Rc4 Rb3+ 52. Kg4 Ne6 53. Rc6 Kf7 54. Kf5 Nd4+ 55. Kg5 Nxc6 56. g4 Ne7 57. f5 Rb5 58. Kh6 Kf6 59. Kh5 Nxf5 60. g5+ Kg7 61. g6 Ne7+ 62. Kg4 Nxg6 0-1


[Site "https://www.chess.com"]